 Dungeon Crawl Stone Soup version 0.29.1-1-gd02db6906a (webtiles) character file.

Game seed: 12615656863279345634

71 safid the Shooter (level 4, -1/38 HPs)
             Began as a Minotaur Hunter on Sept 28, 2022.
             Succumbed to a kobold brigand's poison
             ... on level 3 of the Dungeon.
             The game lasted 00:03:34 (2050 turns).

safid the Shooter (Minotaur Hunter)                 Turns: 2050, Time: 00:03:35

Health: -1/38      AC:  3    Str: 16    XL:     4   Next: 5%
Magic:  3/3        EV: 12    Int:  6    God:
Gold:   110        SH:  0    Dex: 21    Spells: 3/3 levels left

rFire   . . .      SeeInvis .   a - +0 shortbow
rCold   . . .      Faith    .   (shield currently unavailable)
rNeg    . . .      Spirit   .   c - +0 leather armour
rPois   .          Reflect  .   (helmet restricted)
rElec   .          Harm     .   (no cloak)
rCorr   .          Rampage  .   (no gloves)
Will    +....                   (no boots)
Stlth   ++........              (no amulet)
HPRegen 0.12/turn               q - +6 ring of dexterity
MPRegen 0.08/turn               g - ring of willpower

@: lethally poisoned (-1 -> -10), hasted, very quick
A: horns 2, retaliatory headbutt
a: no special abilities


You were on level 3 of the Dungeon.
You visited 1 branch of the dungeon, and saw 3 of its levels.

You collected 110 gold pieces.

Inventory:

Hand Weapons
 a - a +0 shortbow (weapon)
Missiles
 r - 7 curare-tipped darts
Armour
 c - a +0 leather armour (worn)
Jewellery
 g - a ring of willpower (right hand)
 k - a ring of protection from fire
 q - a +6 ring of dexterity (left hand)
Scrolls
 b - 2 scrolls of amnesia
 e - a scroll of brand weapon {unknown}
 f - a scroll of identify
 n - a scroll of enchant weapon {unknown}
 o - a scroll of teleportation {unknown}
 p - a scroll of vulnerability {unknown}
 s - a scroll of enchant armour {unknown}
Potions
 d - a potion of degeneration {unknown}
 h - a potion of heal wounds {unknown}
 i - a potion of ambrosia {unknown}
 l - a potion of attraction {unknown}
 m - a potion of curing {unknown}


   Skills:
 - Level 3.0 Fighting
 + Level 6.0 Ranged Weapons
 - Level 2.1 Dodging
 - Level 0.7 Stealth


You had 3 spell levels left.
You didn't know any spells.
Your spell library was empty.

Dungeon Overview and Level Annotations

Branches:
Dungeon (3/15)

Altars:


Innate Abilities, Weirdness & Mutations

You have a pair of horns on your head.
You reflexively headbutt those who attack you in melee.


Message History

The kobold brigand is lightly wounded.
You feel sick. The kobold brigand closely misses you.
You are too injured to fight recklessly!
You are too injured to fight recklessly!
You are too injured to fight recklessly!
Unknown command.
Fire: a) +0 shortbow
Press: ? - help, Q - select action, (/) - cycle Shift-Dir - straight line, f/p - kobold brigand
Aim: a kobold brigand, wielding a +0 dagger and quivering poisoned darts (lightly wounded, 60% to hit)
You shoot an arrow. The arrow hits the kobold brigand!
The kobold brigand is heavily wounded.
You feel sick.
The kobold brigand hits you with a +0 dagger.
Fire: a) +0 shortbow
Press: ? - help, Q - select action, (/) - cycle Shift-Dir - straight line, f/p - kobold brigand
Aim: a kobold brigand, wielding a +0 dagger and quivering poisoned darts (moderately wounded, 60% to hit)
You shoot an arrow.
The arrow closely misses the kobold brigand.
You feel sick.
The kobold brigand hits you with a +0 dagger.
* * * LOW HITPOINT WARNING * * *
Okay, then.
Unknown command.
Okay, then.
Okay, then.
As you read the scroll labelled FAEGU CYFI, it crumbles to dust.
It is a scroll of identify.
b - 2 scrolls of amnesia You feel sick.
The kobold brigand hits you with a +0 dagger!
* * * LOW HITPOINT WARNING * * *
It was a potion of haste.
You feel yourself speed up.
* * * LOW HITPOINT WARNING * * *
You feel sick.
You are no longer poisoned.
The kobold brigand barely misses you.
The kobold brigand throws a poisoned dart.
The poisoned dart hits you!
You are lethally poisoned!
You die...

## ### ### .#
#.#########.#
.#
#.........@.#
.#
#.#########.#
.# #.# #.#
.#### #.# #K#
....# #.# ...
....###.#####
#....
............#
#.....
............#
.......
............#
........


You could see a kobold brigand.

Vanquished Creatures
  Jessica (D:2)
  An adder (D:2)
  2 dart slugs (D:1)
  An orc (D:3)
  A bat (D:1)
  5 endoplasms
  2 goblins (D:1)
  4 hobgoblins
  2 jackals (D:1)
  2 kobolds (D:1)
  2 quokkas (D:1)
  3 ball pythons (D:1)
  A frilled lizard (D:1)
  A rat (D:1)
28 creatures vanquished.

Notes
Turn   | Place    | Note
-------+----------+-------------------------------------------
     0 | D:1      | safid the Minotaur Hunter began the quest for the Orb.
     0 | D:1      | Reached XP level 1. HP: 18/18 MP: 0/0
   197 | D:1      | Reached XP level 2. HP: 21/25 MP: 1/1
   459 | D:1      | Found a faded altar of an unknown god.
   466 | D:1      | Reached skill level 5 in Ranged Weapons
   802 | D:2      | Reached XP level 3. HP: 31/31 MP: 2/2
   980 | D:2      | Noticed Jessica
   985 | D:2      | Killed Jessica
  1667 | D:2      | Reached XP level 4. HP: 38/38 MP: 3/3
  1778 | D:2      | Reached skill level 6 in Ranged Weapons
  2036 | D:3      | Noticed a kobold brigand
  2048 | D:3      | HP: 1/38 [poisoned by a kobold brigand]
  2050 | D:3      | Succumbed to a kobold brigand's poison

Illustrated notes

Levels and vault maps discovered:
D:1:      dpeg_arrival_houses_and_road, layout_loops_ring,
          shapermc_ecumenical_altar_starsandcircs
D:2:      layout_basic, chequers_serial_rivers_micro_c,
          minmay_misc_feat_four_crosses, uniq_jessica
D:3:      layout_basic, grunt_decor_cap, uniq_grinder

Skill      XL: |  1  2  3  4 |
---------------+-------------+-----
Fighting       | 3 |  3.0
Ranged Weapons | 5 6 |  6.0
Dodging        | |  2.1
Stealth        | |  0.7

Action                   |  1- 3 |  4- 6 || total
-------------------------+-------+-------++-------
 Fire: Shortbow          |    67 |    13 ||    80
  Use: Scroll            |       |     1 ||     1
       Potion            |       |     1 ||     1
Armor: Leather armour    |     1 |       ||     1
Dodge: Dodged            |    10 |     3 ||    13
